 Dungeon Crawl Stone Soup version 0.17.0-28-g6e173f8 (webtiles) character file.

121 M4edhros the Skirmisher (level 5, -2/39 HPs)
             Began as an Octopode Wanderer on Nov 26, 2015.
             Slain by a gnoll (8 damage)
             ... on level 3 of the Dungeon.
             The game lasted 00:01:30 (1832 turns).

M4edhros the Skirmisher (Octopode Wanderer)         Turns: 1832, Time: 00:01:30

Health: -2/39      AC:  1    Str: 10    XL:     5   Next: 5%
Magic:  5/5        EV: 12    Int: 16    God:
Gold:   82         SH:  0    Dex: 12    Spells: 0 memorised, 4 levels left

rFire  . . .     SeeInvis .     i - +0 hunting sling
rCold  . . .     Clarity  .     (no shield)
rNeg   . . .     SustAt   .     (helmet restricted)
rPois  .         Gourm    .     (no amulet)
rElec  .         Spirit   .     (no ring)
rCorr  .         Warding  .     (no ring)
rMut   .         Stasis   .     (no ring)
MR     .....                    (no ring)
Stlth  +++.......               (no ring)
                                (no ring)
                                (no ring)
                                (no ring)

@: not resistant to hostile enchantments, fairly stealthy
A: almost no armour, amphibious, 8 rings, constrict 8, camouflage 1, gelatinous
body 1
a: no special abilities


You were on level 3 of the Dungeon.
You were very hungry.

You visited 1 branch of the dungeon, and saw 3 of its levels.

You collected 82 gold pieces.

Inventory:

Hand Weapons
 a - a +2 mace
 i - a +0 hunting sling (weapon)
Missiles
 f - 3 curare-tipped needles
 j - 114 stones (quivered)
Wands
 o - a wand of polymorph (5)
Scrolls
 b - a scroll of teleportation
 g - a scroll of fear {unknown}
 h - 2 scrolls of identify {unknown}
 m - a scroll of enchant armour {unknown}
 n - a scroll of amnesia {unknown}
 p - 3 scrolls of noise {unknown}
 q - a scroll of magic mapping {unknown}
Potions
 c - a potion of curing
 e - a potion of lignification {unknown}
 l - a potion of heal wounds
Comestibles
 d - 3 bread rations


   Skills:
 - Level 5.0 Fighting
 - Level 1.0 Maces & Flails
 + Level 4.2 Slings
 - Level 2.0 Dodging
 - Level 1.7 Stealth
   Level 1.0 Shields
 - Level 1.1 Evocations


You had 4 spell levels left.
You didn't know any spells.

Dungeon Overview and Level Annotations

Branches:
Dungeon (3/15)

Altars:
Ashenzari


Innate Abilities, Weirdness & Mutations

You cannot wear most types of armour.
You are amphibious.
You can wear up to eight rings at the same time.
You can use your tentacles to constrict eight enemies at once.
Your skin changes colour to match your surroundings (Stealth).
Your rubbery body absorbs attacks (AC +1).


Message History

The gnoll is moderately wounded.
The gnoll hits you with a club!
* * * LOW HITPOINT WARNING * * *
The gnoll closely misses you.
You are too injured to fight recklessly!
Drink which item? (? for menu, Esc to quit)
Okay, then.
Drink which item? (? for menu, Esc to quit)
You feel better. The gnoll hits you with a club.
* * * LOW HITPOINT WARNING * * *
Drink which item? (? for menu, Esc to quit)
You feel better.
Firing (i - inventory):
j - 115 stones (quivered)
Press: ? - help, Shift-Dir - straight line, f/p - gnoll
Aim: a gnoll, wielding a club (moderately wounded)
You shoot a stone. The stone barely misses the gnoll.
The gnoll hits you with a club!
* * * LOW HITPOINT WARNING * * *
The gnoll hits you!
You die...

#.# #.......#
#..#..# #.#
##...(.?.#####.###.#
#.#
#.(((.....#.......>#
#.#
#⌠.)#'##.⌠#.....####
#.#
#.##....###...###
#.# .. #...#.....##
#.# ##. #...#.....#
#.# #...#g###.#####
#.# #(.g@...# #.#
######### #.# #.#
#.# #.# #.# #.# #.#


You could see 2 gnolls.

Vanquished Creatures
  Ijyb (D:2)
  2 gnolls (D:3)
  4 adders (D:2)
  An ooze (D:2)
  A worm (D:2)
  6 bats
  10 goblins
  4 hobgoblins
  3 quokkas
  A giant cockroach (D:2)
  A giant newt (D:1)
  2 kobolds (D:2)
  2 rats
38 creatures vanquished.

Notes
Turn   | Place    | Note
--------------------------------------------------------------
     0 | D:1      | M4edhros the Octopode Wanderer began the quest for the Orb.
     0 | D:1      | M4edhros set off with: a +2 mace, a scroll of teleportation, a potion of curing, a bread ration
     0 | D:1      | Reached XP level 1. HP: 18/18 MP: 1/1
   127 | D:1      | Reached skill level 1 in Stealth
   248 | D:1      | Reached skill level 1 in Slings
   248 | D:1      | Reached XP level 2. HP: 24/24 MP: 2/2
   578 | D:2      | Noticed Ijyb
   595 | D:2      | Killed Ijyb
   595 | D:2      | Reached XP level 3. HP: 16/29 MP: 3/3
   746 | D:2      | Reached XP level 4. HP: 32/35 MP: 4/4
  1776 | D:3      | Found a shattered altar of Ashenzari.
  1818 | D:3      | Reached XP level 5. HP: 36/39 MP: 5/5
  1832 | D:3      | Slain by a gnoll

Action                   |  1- 3 |  4- 6 || total
-------------------------+-------+-------++-------
Melee: Mace              |     3 |       ||     3
       Hunting sling     |     5 |     8 ||    13
 Fire: Hunting sling     |    50 |    67 ||   117
  Use: Potion            |       |     5 ||     5
  Eat: Pizza             |       |     1 ||     1
